| TOP OF THE 1ST |
|
Louisville Bats batting - Pitching for Iowa Cubs : RHP Dustin Buckner
|
|
Pitching: RHP Dustin Buckner
|
|
|
Batting: RHB Bruno André
|
0-0: Foul Ball, location: 2F 0-1: Ball 1-1: Ball 2-1: Foul Ball, location: 2F 2-2: Ball 3-2: Ground out 6-3 (Groundball, 6, EV 83.1 MPH)
|
|
Batting: LHB Leo Gomez
|
0-0: Ground out 6-3 (Groundball, 6M, EV 105.6 MPH)
|
|
Batting: LHB Jamie Spangenberg
|
0-0: Foul Ball, location: 2F 0-1: Ball 1-1: SINGLE (Line Drive, 8RS, EV 90.0 MPH)
|
|
Batting: RHB Juan Reyes
|
0-0: Ball 1-0: Called Strike 1-1: Fielders Choice at 2nd, 6-4 (Groundball, 6, EV 109.4 MPH)
|
| Top of the 1st over - 0 runs, 1 hit, 0 errors, 1 left on base; Louisville 0 - Iowa 0 |
| BOTTOM OF THE 1ST |
|
Iowa Cubs batting - Pitching for Louisville Bats : RHP Matt Moffat
|
|
Pitching: RHP Matt Moffat
|
|
|
Batting: RHB Brian Gargis
|
0-0: Ball 1-0: SINGLE (Groundball, 34, EV 103.1 MPH)
|
|
Batting: RHB Frank Caulfield
|
0-0: Fielders Choice at 2nd, 4-6 (Groundball, 34S, EV 88.8 MPH)
|
|
Batting: RHB Ryan Walker
|
0-0: Called Strike 0-1: Ball 1-1: Ball Frank Caulfield steals 2nd base 2-1: Called Strike 2-2: Ball 3-2: Base on Balls
|
|
Batting: LHB Wing-tat Tai
|
0-0: Ball 1-0: Called Strike 1-1: Foul Ball, location: 2F 1-2: SINGLE (Groundball, 34D, EV 96.2 MPH) Frank Caulfield to third Ryan Walker to second
|
|
Batting: LHB Mark Ingram
|
0-0: Swinging Strike 0-1: Ball 1-1: Called Strike 1-2: Strikes out swinging
|
|
Batting: RHB Brad Santanello
|
0-0: Ball 1-0: Called Strike 1-1: Ball 2-1: Ball 3-1: Called Strike 3-2: Strikes out swinging
|
| Bottom of the 1st over - 0 runs, 2 hits, 0 errors, 3 left on base; Louisville 0 - Iowa 0 |
| TOP OF THE 2ND |
|
Louisville Bats batting - Pitching for Iowa Cubs : RHP Dustin Buckner
|
|
Batting: RHB Jonathan Robies
|
0-0: Swinging Strike 0-1: Ball 1-1: Swinging Strike 1-2: Foul Ball, location: 2F 1-2: Foul Ball, location: 2F 1-2: Foul Ball, location: 2F 1-2: Ball 2-2: Ball 3-2: Base on Balls
|
|
Batting: SHB Freddie Farrar
|
0-0: Ball 1-0: Fielders Choice at 2nd, 4-6 (Groundball, 4, EV 83.1 MPH)
|
|
Batting: LHB Jared Paige
|
0-0: Ball 1-0: Foul Ball, location: 2F 1-1: Swinging Strike 1-2: Ball 2-2: Ball 3-2: SINGLE (Line Drive, 8RS, EV 87.5 MPH) Freddie Farrar to second Runner from 2nd tries for 3rd, SAFE, throw by CF made to third
|
|
Batting: RHB Danny Real
|
0-0: Called Strike 0-1: Ball 1-1: Called Strike 1-2: Ball 2-2: Ball 3-2: Grounds out, U3 (Groundball, 3L, EV 105.6 MPH) Freddie Farrar scores
|
|
Batting: RHB Ben Hinman
|
0-0: Called Strike 0-1: Ball 1-1: Swinging Strike 1-2: Foul Ball, location: 2F 1-2: Strikes out swinging
|
| Top of the 2nd over - 1 run, 1 hit, 0 errors, 1 left on base; Louisville 1 - Iowa 0 |
| BOTTOM OF THE 2ND |
|
Iowa Cubs batting - Pitching for Louisville Bats : RHP Matt Moffat
|
|
Batting: SHB Karl Starnes
|
0-0: Ball 1-0: Foul Ball, location: 2F 1-1: Foul Ball, location: 2F 1-2: Strikes out swinging
|
|
Batting: RHB Tim Long
|
0-0: Swinging Strike 0-1: Fly out, F9 (Line Drive, 89M, EV 96.2 MPH)
|
|
Batting: RHB Khalil Stephens
|
0-0: Called Strike 0-1: Ball 1-1: Ball 2-1: Ball 3-1: Swinging Strike 3-2: Strikes out swinging
|
| Bottom of the 2nd over - 0 runs, 0 hits, 0 errors, 0 left on base; Louisville 1 - Iowa 0 |
| TOP OF THE 3RD |
|
Louisville Bats batting - Pitching for Iowa Cubs : RHP Dustin Buckner
|
|
Batting: RHB Bruno André
|
0-0: Called Strike 0-1: Ball 1-1: Ball 2-1: Ball 3-1: Foul Ball, location: 2F 3-2: Base on Balls
|
|
Batting: LHB Leo Gomez
|
0-0: Fielders Choice at 2nd, 6-4 (Groundball, 6M, EV 88.8 MPH)
|
|
Batting: LHB Jamie Spangenberg
|
0-0: Ball Leo Gomez steals 2nd base 1-0: Ground out 4-3 (Groundball, 4, EV 81.2 MPH) Leo Gomez to third
|
|
Batting: RHB Juan Reyes
|
0-0: Called Strike 0-1: Ball 1-1: Foul Ball, location: 2F 1-2: Strikes out looking
|
| Top of the 3rd over - 0 runs, 0 hits, 0 errors, 1 left on base; Louisville 1 - Iowa 0 |
| BOTTOM OF THE 3RD |
|
Iowa Cubs batting - Pitching for Louisville Bats : RHP Matt Moffat
|
|
Batting: RHB Brian Gargis
|
0-0: Ball 1-0: Foul Ball, location: 2F 1-1: Swinging Strike 1-2: SINGLE (Line Drive, 9S, EV 102.5 MPH)
|
|
Batting: RHB Frank Caulfield
|
0-0: Called Strike 0-1: Ball 1-1: Swinging Strike 1-2: Hit by Pitch Brian Gargis to second
|
|
Batting: RHB Ryan Walker
|
0-0: Called Strike 0-1: Ball 1-1: Grounds into double play, 5-4-3 (Groundball, 56, EV 86.2 MPH) Brian Gargis to third
|
|
Batting: LHB Wing-tat Tai
|
0-0: Fly out, F8 (Flyball, 8LXD, EV 103.8 MPH)
|
| Bottom of the 3rd over - 0 runs, 1 hit, 0 errors, 1 left on base; Louisville 1 - Iowa 0 |
| TOP OF THE 4TH |
|
Louisville Bats batting - Pitching for Iowa Cubs : RHP Dustin Buckner
|
|
Batting: RHB Jonathan Robies
|
0-0: Called Strike 0-1: Ground out U3 (Groundball, 34, EV 108.1 MPH)
|
|
Batting: SHB Freddie Farrar
|
0-0: Called Strike 0-1: Called Strike 0-2: Ball 1-2: Ball 2-2: Strikes out swinging
|
|
Batting: LHB Jared Paige
|
0-0: Ball 1-0: Called Strike 1-1: Ball 2-1: Foul Ball, location: 2F 2-2: Ball 3-2: Ground out 6-3 (Groundball, 6M, EV 80.6 MPH)
|
| Top of the 4th over - 0 runs, 0 hits, 0 errors, 0 left on base; Louisville 1 - Iowa 0 |
| BOTTOM OF THE 4TH |
|
Iowa Cubs batting - Pitching for Louisville Bats : RHP Matt Moffat
|
|
Batting: LHB Mark Ingram
|
0-0: Ball 1-0: Fly out, F7 (Flyball, 78M, EV 93.8 MPH)
|
|
Batting: RHB Brad Santanello
|
0-0: SOLO HOME RUN (Line Drive, 7LD, EV 98.1 MPH), Distance : 360 ft
|
|
Batting: SHB Karl Starnes
|
0-0: Called Strike 0-1: Ball 1-1: Ball 2-1: Ball 3-1: Foul Ball, location: 2F 3-2: Ground out 3-1 (Groundball, 34, EV 90.6 MPH)
|
|
Batting: RHB Tim Long
|
0-0: Ball 1-0: Called Strike 1-1: Ball 2-1: Foul Ball, location: 2F 2-2: Fly out, F8 (Flyball, 8RD, EV 106.2 MPH)
|
| Bottom of the 4th over - 1 run, 1 hit, 0 errors, 0 left on base; Louisville 1 - Iowa 1 |
| TOP OF THE 5TH |
|
Louisville Bats batting - Pitching for Iowa Cubs : RHP Dustin Buckner
|
|
Batting: RHB Danny Real
|
0-0: Ball 1-0: Ball 2-0: Swinging Strike 2-1: Called Strike 2-2: Ball 3-2: Strikes out swinging
|
|
Pitching: RHP Trevor Woodbury
|
|
|
Batting: RHB Ben Hinman
|
0-0: Ball 1-0: Ground out 4-3 (Groundball, 4, EV 102.5 MPH)
|
|
Batting: RHB Bruno André
|
0-0: Called Strike 0-1: Swinging Strike 0-2: Strikes out swinging
|
| Top of the 5th over - 0 runs, 0 hits, 0 errors, 0 left on base; Louisville 1 - Iowa 1 |
| BOTTOM OF THE 5TH |
|
Iowa Cubs batting - Pitching for Louisville Bats : RHP Matt Moffat
|
|
Batting: RHB Khalil Stephens
|
0-0: Ball 1-0: Ball 2-0: Foul Ball, location: 2F 2-1: Foul Ball, location: 2F 2-2: Ground out 6-3 (Groundball, 6S, EV 79.4 MPH)
|
|
Batting: RHB Brian Gargis
|
0-0: Called Strike 0-1: Swinging Strike 0-2: Ball 1-2: Strikes out swinging
|
|
Batting: RHB Frank Caulfield
|
0-0: Called Strike 0-1: Ball 1-1: Foul Ball, location: 2F 1-2: Hit by Pitch
|
|
Batting: RHB Ryan Walker
|
Pickoff Throw to First - Out! 1-3
|
| Bottom of the 5th over - 0 runs, 0 hits, 0 errors, 0 left on base; Louisville 1 - Iowa 1 |
| TOP OF THE 6TH |
|
Louisville Bats batting - Pitching for Iowa Cubs : RHP Trevor Woodbury
|
|
Batting: LHB Leo Gomez
|
0-0: Swinging Strike 0-1: Ball 1-1: Ball 2-1: Called Strike 2-2: Ball 3-2: Base on Balls
|
|
Batting: LHB Jamie Spangenberg
|
0-0: Ball Leo Gomez steals 2nd base 1-0: Ball 2-0: Foul Ball, location: 2F 2-1: Ground out 4-3 (Groundball, 4MD, EV 90.0 MPH) Leo Gomez to third
|
|
Batting: RHB Juan Reyes
|
0-0: Foul Ball, location: 2F 0-1: SINGLE (Groundball, 56, EV 96.2 MPH) Leo Gomez scores
|
|
Batting: RHB Jonathan Robies
|
0-0: Ball Juan Reyes steals 2nd base 1-0: SINGLE (Line Drive, 9S, EV 105.0 MPH) Juan Reyes to third Runner from 3rd tries for Home, SAFE, throw by RF to home
|
|
Batting: SHB Freddie Farrar
|
0-0: 2-RUN HOME RUN (Flyball, 9LD, EV 95.0 MPH), Distance : 344 ft
|
|
Pitching: RHP Karl Stuart
|
|
|
Batting: LHB Jared Paige
|
0-0: Ball 1-0: Ball 2-0: Called Strike 2-1: Swinging Strike 2-2: Strikes out swinging
|
|
Batting: RHB Danny Real
|
0-0: Ball 1-0: Called Strike 1-1: Swinging Strike 1-2: Foul Ball, location: 2F 1-2: Ball 2-2: Ball 3-2: Strikes out swinging
|
| Top of the 6th over - 4 runs, 3 hits, 0 errors, 0 left on base; Louisville 5 - Iowa 1 |
| BOTTOM OF THE 6TH |
|
Iowa Cubs batting - Pitching for Louisville Bats : RHP Matt Moffat
|
|
Batting: RHB Ryan Walker
|
0-0: Called Strike 0-1: Called Strike 0-2: Ball 1-2: Ball 2-2: Foul Ball, location: 2F 2-2: Fly out, F8 (Line Drive, 8RM, EV 91.9 MPH)
|
|
Batting: LHB Wing-tat Tai
|
0-0: Ground out U3 (Groundball, 34, EV 94.4 MPH)
|
|
Batting: LHB Mark Ingram
|
0-0: Ball 1-0: Ball 2-0: DOUBLE (Line Drive, 78M, EV 88.8 MPH)
|
|
Batting: RHB Brad Santanello
|
0-0: Ball 1-0: Called Strike 1-1: Foul Ball, location: 2F 1-2: Foul Ball, location: 2F 1-2: SINGLE (Groundball, 56D, EV 97.5 MPH) Mark Ingram to third Runner from 3rd tries for Home, SAFE, throw by LF to home
|
|
Batting: SHB Karl Starnes
|
Pickoff Throw to First - Error! E1 Brad Santanello to second 0-0: Swinging Strike 0-1: Swinging Strike 0-2: Ball 1-2: Strikes out swinging
|
| Bottom of the 6th over - 1 run, 2 hits, 1 error, 1 left on base; Louisville 5 - Iowa 2 |
| TOP OF THE 7TH |
|
Louisville Bats batting - Pitching for Iowa Cubs : RHP Karl Stuart
|
|
Batting: RHB Ben Hinman
|
0-0: Fly out, F8 (Flyball, 8RD, EV 83.1 MPH)
|
|
Batting: RHB Bruno André
|
0-0: Ball 1-0: Foul Ball, location: 2F 1-1: Ball 2-1: Ball 3-1: Called Strike 3-2: Base on Balls
|
|
Batting: LHB Leo Gomez
|
0-0: Called Strike 0-1: Called Strike 0-2: Strikes out looking
|
|
Batting: LHB Jamie Spangenberg
|
0-0: Called Strike 0-1: Foul Ball, location: 2F 0-2: Ball 1-2: Ball 2-2: Ball 3-2: Base on Balls Bruno André to second
|
|
Batting: RHB Juan Reyes
|
0-0: Ball 1-0: Called Strike 1-1: Ball 2-1: Ball 3-1: Called Strike 3-2: Foul Ball, location: 2F 3-2: Base on Balls Bruno André to third Jamie Spangenberg to second
|
|
Batting: RHB Jonathan Robies
|
0-0: Fly out, F8 (Flyball, 8RXD, EV 95.6 MPH)
|
| Top of the 7th over - 0 runs, 0 hits, 0 errors, 3 left on base; Louisville 5 - Iowa 2 |
| BOTTOM OF THE 7TH |
|
Iowa Cubs batting - Pitching for Louisville Bats : RHP Matt Moffat
|
|
Pitching: RHP Pedro Torres
|
|
|
Batting: RHB Tim Long
|
0-0: Ball 1-0: Called Strike 1-1: Ball 2-1: Called Strike 2-2: Ball 3-2: SINGLE (Groundball, 56D, EV 111.2 MPH)
|
|
Batting: RHB Khalil Stephens
|
0-0: Called Strike 0-1: Ball 1-1: Foul Ball, location: 2F 1-2: Foul Ball, location: 2F 1-2: Foul Ball, location: 2F 1-2: DOUBLE (Line Drive, 89M, EV 91.2 MPH) Tim Long to third
|
|
Batting: RHB Brian Gargis
|
0-0: Fly out, F4 (Popup, 4S, EV 84.4 MPH)
|
|
Batting: RHB Frank Caulfield
|
0-0: Ground out 5-3 (Groundball, 56S, EV 60.6 MPH) Tim Long scores Khalil Stephens to third
|
|
Batting: RHB Ryan Walker
|
0-0: Ball 1-0: Called Strike 1-1: Ball 2-1: Foul Ball, location: 2F 2-2: SINGLE (Groundball, 6MD, EV 100.0 MPH) Khalil Stephens scores
|
|
Batting: LHB Wing-tat Tai
|
0-0: Foul Ball, location: 2F 0-1: Reached on error, E4 (Groundball, 4, EV 86.9 MPH) Ryan Walker to second
|
|
Batting: LHB Mark Ingram
|
0-0: Called Strike 0-1: DOUBLE (Groundball, 5L, EV 101.2 MPH) Ryan Walker scores Wing-tat Tai to third
|
|
Batting: RHB Brad Santanello
|
0-0: Ground out 5-3 (Groundball, 5S, EV 61.2 MPH)
|
| Bottom of the 7th over - 3 runs, 4 hits, 1 error, 2 left on base; Louisville 5 - Iowa 5 |
| TOP OF THE 8TH |
|
Louisville Bats batting - Pitching for Iowa Cubs : RHP Karl Stuart
|
|
Pitching: RHP Nikita Eliseenko
|
|
|
Batting: SHB Freddie Farrar
|
0-0: Ball 1-0: SINGLE (Line Drive, 3D, EV 109.4 MPH)
|
|
Batting: LHB Jared Paige
|
0-0: Ball 1-0: Ball 2-0: Ball 3-0: Base on Balls Freddie Farrar to second
|
|
Batting: RHB Danny Real
|
0-0: Called Strike Freddie Farrar steals 3rd, throwing error, E2 Freddie Farrar scores Jared Paige to third 0-1: Ball 1-1: Intentional Walk
|
|
Batting: RHB Ben Hinman
|
0-0: Ball Danny Real steals 2nd base 1-0: Called Strike 1-1: Ball 2-1: Swinging Strike 2-2: Foul Ball, location: 2F 2-2: Strikes out swinging
|
|
Batting: RHB Bruno André
|
0-0: Ball 1-0: Called Strike 1-1: Ball 2-1: Swinging Strike 2-2: Strikes out swinging
|
|
Batting: LHB Leo Gomez
|
0-0: Ground out U3 (Groundball, 34, EV 81.2 MPH)
|
| Top of the 8th over - 1 run, 1 hit, 1 error, 2 left on base; Louisville 6 - Iowa 5 |
| BOTTOM OF THE 8TH |
|
Iowa Cubs batting - Pitching for Louisville Bats : RHP Pedro Torres
|
|
Pitching: RHP Tim Bant
|
|
|
Batting: SHB Karl Starnes
|
0-0: Foul Ball, location: 2F 0-1: Ground out 6-3 (Groundball, 6, EV 91.2 MPH)
|
|
Batting: RHB Tim Long
|
0-0: Called Strike 0-1: Ground out 4-3 (Groundball, 4, EV 85.0 MPH)
|
|
Batting: RHB Khalil Stephens
|
0-0: Swinging Strike 0-1: Foul Ball, location: 2F 0-2: Foul Ball, location: 2F 0-2: Ball 1-2: Ball 2-2: Strikes out swinging
|
| Bottom of the 8th over - 0 runs, 0 hits, 0 errors, 0 left on base; Louisville 6 - Iowa 5 |
| TOP OF THE 9TH |
|
Louisville Bats batting - Pitching for Iowa Cubs : RHP Nikita Eliseenko
|
|
Pitching: LHP Bill Esten
|
|
|
Batting: LHB Jamie Spangenberg
|
0-0: Foul Ball, location: 2F 0-1: SINGLE (Groundball, 6M, EV 98.8 MPH)
|
|
Batting: RHB Juan Reyes
|
0-0: Called Strike 0-1: Foul Ball, location: 2F 0-2: SINGLE (Line Drive, 8LM, EV 100.6 MPH) Jamie Spangenberg to second
|
|
Batting: RHB Jonathan Robies
|
0-0: Ball 1-0: Ball 2-0: Fly out, F9 (Flyball, 9D, EV 101.9 MPH) Runner from 2nd tags up, SAFE at 3rd, no throw by RF
|
|
Batting: SHB Freddie Farrar
|
0-0: Grounds into double play, 6-4-3 (Groundball, 6, EV 100.6 MPH)
|
| Top of the 9th over - 0 runs, 2 hits, 0 errors, 1 left on base; Louisville 6 - Iowa 5 |
| BOTTOM OF THE 9TH |
|
Iowa Cubs batting - Pitching for Louisville Bats : RHP Tim Bant
|
|
Pitching: RHP Junpei Yamazaki
|
|
|
Batting: RHB Brian Gargis
|
0-0: Called Strike 0-1: Ball 1-1: Ball 2-1: Ball 3-1: SINGLE (Line Drive, 7LM, EV 105.6 MPH)
|
|
Batting: RHB Frank Caulfield
|
0-0: Bunted foul 0-1: Bunt missed! 0-2: Ball 1-2: SINGLE (Groundball, 34, EV 95.0 MPH) Brian Gargis to second Runner from 2nd tries for 3rd, OUT! 9-5 Frank Caulfield to second
|
|
Batting: RHB Ryan Walker
|
0-0: Ball 1-0: Ground out 5-3 (Groundball, 5L, EV 92.5 MPH)
|
|
Batting: LHB Wing-tat Tai
|
0-0: Fly out, F8 (Line Drive, 8RM, EV 90.6 MPH)
|
| Bottom of the 9th over - 0 runs, 2 hits, 0 errors, 1 left on base; Louisville 6 - Iowa 5 |
|